 Dungeon Crawl Stone Soup version 0.29-a0-542-g075992c915 (webtiles) character file.

Game seed: 5676520106696017917

8024 MechDurjaeses the Severer (level 11, -1/94 HPs)
             Began as a Hill Orc Fighter on June 4, 2022.
             Was an Elder of Beogh.
             Killed from afar by croobank's ghost (28 damage)
             ... with a stone arrow
             ... on level 9 of the Dungeon.
             The game lasted 00:29:22 (11333 turns).

MechDurjaeses the Severer (Hill Orc Fighter)       Turns: 11333, Time: 00:29:23

Health: -1/94      AC: 25    Str: 24      XL:     11   Next: 24%
Magic:  11/11      EV:  8    Int:  7 (8)  God:    Beogh [****..]
Gold:   939        SH:  4    Dex:  8 (10) Spells: 10/10 levels left

rFire   + . .      SeeInvis .   B - +0 war axe (vorpal)
rCold   . . .      Faith    .   c - +0 buckler
rNeg    . . .      Spirit   .   E - +6 chain mail {rF+}
rPois   +          Reflect  .   q - +2 helmet
rElec   .          Harm     .   (no cloak)
rCorr   .          Rampage  .   k - +1 pair of gloves
Will    +....      Clarity  +   (no boots)
Stlth   ..........              (no amulet)
HPRegen 0.25/turn               A - ring of poison resistance
MPRegen 0.12/turn               (no ring)

@: invisible
A: iridescent scales 1, clarity, strong-willed 1
a: Renounce Religion, Smiting, Recall Orcish Followers


You were on level 9 of the Dungeon.
You worshipped Beogh.
Beogh was greatly pleased with you.
You visited 1 branch of the dungeon, and saw 9 of its levels.

You collected 939 gold pieces.

Inventory:

Hand Weapons
 p - the +0 hunting sling of the Manifold Defenders {vorpal, rF+ rN+ Str+3 Int-2}
   (You found it on level 2 of the Dungeon)

   Any ammunition fired from it inflicts extra damage upon your enemies.
   Str:       It affects your strength (+3).
   Int:       It affects your intelligence (-2).
   rF:        It protects you from fire.
   rN:        It protects you from negative energy.
 r - a +2 trident of protection
 B - a +0 vorpal war axe (weapon)
Missiles
 s - 11 poisoned darts
 C - 2 curare-tipped darts
 F - 2 throwing nets
Armour
 a - a +0 plate armour
 c - a +0 buckler (worn)
 k - a +1 pair of gloves (worn)
 q - a +2 helmet (worn)
 v - +0 steam dragon scales
 y - a +1 robe of the Archmagi
 E - a +6 chain mail of fire resistance (worn)
Jewellery
 f - a ring of ice
 A - a ring of poison resistance (left hand)
Wands
 t - a wand of iceblast (6) (quivered)
Scrolls
 g - 2 scrolls of blinking
 j - 2 scrolls of torment
 n - 5 scrolls of teleportation
 o - a scroll of fear
 D - a scroll of magic mapping {unknown}
Potions
 d - 2 potions of attraction
 e - a potion of degeneration
 i - a potion of mutation
 l - 6 potions of curing
 m - a potion of berserk rage {unknown}
 u - a potion of brilliance {unknown}
 w - 2 potions of haste {unknown}
 z - a potion of ambrosia
 G - a potion of lignification {unknown}
 H - a potion of resistance


   Skills:
 + Level 8.2 Fighting
 * Level 16.2 Axes
 + Level 1.4 Throwing
 * Level 9.2 Armour
 + Level 2.2 Dodging
 + Level 1.2 Stealth
 + Level 5.7 Shields
 + Level 0.2 Evocations


You had 10 spell levels left.
You didn't know any spells.
Your spell library contained the following spells:

 Spells                   Type           Power      Damage    Failure   Level
 Magic Dart               Conj           0%         1d3       97%         1
 Slow                     Hex            0%         N/A       97%         1
 Confusing Touch          Hex            0%         N/A       100%        3
 Vampiric Draining        Necr           0%         2d6       100%        3
 Fulminant Prism          Conj/Hex       0%         3d6       100%        4
 Iskenderun's Mystic Bla  Conj/Tloc      0%         2d3       100%        4
 Freezing Cloud           Conj/Ice/Air   0%         6-21      100%        5
 Iskenderun's Battlesphe  Conj           0%         2d6       100%        5
 Lee's Rapid Deconstruct  Erth           0%         3d5*      100%        5
 Iron Shot                Conj/Erth      0%         9d1       100%        6
 Simulacrum               Ice/Necr       0%         N/A       100%        6
 Orb of Destruction       Conj           0%         9d5       100%        7
 Spellforged Servitor     Conj/Summ      0%         N/A       100%        7
 Fire Storm               Conj/Fire      0%         5d1       100%        9
 Polar Vortex             Ice            0%         N/A       100%        9


Dungeon Overview and Level Annotations

Branches:
Dungeon (9/15)             Temple (0/1) D:5
   Lair: D:8-11         Orc: D:9-12

Altars:
Cheibriados
Kikubaaqudgha
Okawaru
Qazlal
Ru
Trog
Uskayaw
Vehumet
Zin

Shops:
D:6 (   D:8 *

Annotations:
D:9 croobank's ghost, journeyman GnDe


Innate Abilities, Weirdness & Mutations

You are partially covered in iridescent scales. (AC +2)
You possess an exceptional clarity of mind.
You are strong-willed. (Will+)


Message History

Croobank's ghost is heavily damaged.
Croobank's ghost hits you!
You are too injured to fight recklessly!
You are too injured to fight recklessly!
You are too injured to fight recklessly!
You are too injured to fight recklessly!
You are too injured to fight recklessly!
You barely miss croobank's ghost.
Croobank's ghost is heavily damaged.
Croobank's ghost hits you but does no damage.
You slice croobank's ghost!!
Croobank's ghost is almost destroyed.
Croobank's ghost casts a spell at you. The blast of sand misses you.
You barely miss croobank's ghost.
Croobank's ghost is almost destroyed.
You barely miss croobank's ghost.
Croobank's ghost is almost destroyed.
Croobank's ghost hits you!
You hit croobank's ghost but do no damage.
Croobank's ghost is almost destroyed.
Croobank's ghost hits you but does no damage.
You slash croobank's ghost!
Croobank's ghost is almost destroyed.
You block croobank's ghost's attack.
You closely miss croobank's ghost.
Croobank's ghost is almost destroyed.
Croobank's ghost hits you!
* * * LOW HITPOINT WARNING * * *
You hit croobank's ghost.
Croobank's ghost is almost destroyed.
You hit croobank's ghost.
Croobank's ghost is almost destroyed.
Croobank's ghost points at you and mumbles some strange words.
You block the blast of sand.
You closely miss croobank's ghost.
Croobank's ghost is almost destroyed.
Croobank's ghost casts a spell at you. The stone arrow hits you!!
You die...

#..# #..#......#
#........ #..#
#..#..##..# #........
#..# #..#.#..#.#
#..######
###..######..#.#..#.#
#..#
............©#/.##).#
#..#
)............#"...)©#
#.†#
)...........©#))##..#
#..######
#............#.#..#.#
#........
#............#.#@.#.#
#........
#............#.W##..#
#........
#............#.....©#
#........
#............########
#........
................^...#
#........
....................#
#....<...
............#######.#
#........
#...........# #o#
#........
#...........# #.#
#........


You could see croobank's ghost (can't see you).

Vanquished Creatures
  3 two-headed ogres (D:9)
  A manticore (D:7)
  A queen bee (D:9)
  Grinder (D:4)
  Prince Ribbit (D:7)
  2 yaks (D:9)
  A wraith (D:8)
  A steam dragon (D:6)
  A vampire mosquito (D:8)
  4 water moccasins
  A black bear (D:5)
  A sky beast (D:7)
  An ice beast (D:4)
  2 ogres (D:5)
  A centaur (D:5)
  2 phantoms
  3 kobold brigands
  5 bullfrogs
  A scorpion (D:6)
  A gnoll sergeant (D:8)
  A necrophage (D:4)
  2 wights (D:8)
  19 killer bees
  2 howler monkeys (D:9)
  2 jellies
  4 orc priests
  5 hounds
  7 iguanas
  13 orc wizards
  3 gnolls (D:8)
  8 adders
  2 shadow imps
  A white imp (D:5)
  An ufetubus (D:7)
  2 dart slugs
  23 orcs
  5 ball pythons
  8 endoplasms
  2 giant cockroaches
  3 goblins
  10 hobgoblins
  7 jackals
  6 quokkas
  4 bats
  2 frilled lizards (D:2)
  9 kobolds
  6 rats
191 creatures vanquished.

Vanquished Creatures (collateral kills)
  A slime creature (D:8)
  3 yaks (D:9)
  A wyvern (D:9)
  2 orc warriors (D:9)
  A bullfrog (D:9)
  A wight (D:8)
  3 killer bees (D:9)
  A howler monkey (D:9)
  An orc priest (D:9)
  An orc wizard (D:9)
  3 orcs
18 creatures vanquished.

Vanquished Creatures (others)
  An orc warrior (D:9)
  An orc knight (D:9)
  An orc wizard (D:6)
  5 orcs
  17 plants
25 creatures vanquished.

Grand Total: 234 creatures vanquished

Notes
Turn   | Place    | Note
-------+----------+-------------------------------------------
     0 | D:1      | MechDurjaeses the Hill Orc Fighter began the quest for the
                  | Orb.
     0 | D:1      | Reached XP level 1. HP: 19/19 MP: 1/1
   107 | D:1      | Found a faded altar of an unknown god.
   155 | D:1      | Reached skill level 3 in Axes
   155 | D:1      | Reached XP level 2. HP: 17/27 MP: 2/2
   984 | D:1      | Reached XP level 3. HP: 12/33 MP: 3/3
  1677 | D:2      | Identified the +0 hunting sling of the Manifold Defenders
                  | {vorpal, rF+ rN+ Str+3 Int-2}
  1991 | D:3      | Reached skill level 4 in Axes
  1991 | D:3      | Reached XP level 4. HP: 31/40 MP: 4/4
  2116 | D:3      | Found a stormy altar of Qazlal.
  2340 | D:3      | Got the Catalogue of Arcane Weapons
  2368 | D:3      | Became a worshipper of Beogh the Brigand
  2474 | D:3      | Reached skill level 5 in Axes
  2534 | D:3      | Reached XP level 5. HP: 46/46 MP: 5/5
  2575 | D:4      | Noticed an ice beast
  2587 | D:4      | Killed an ice beast
  2588 | D:4      | Reached skill level 6 in Axes
  2599 | D:4      | Reached XP level 6. HP: 42/52 MP: 6/6
  2790 | D:4      | Reached skill level 7 in Axes
  2938 | D:4      | Reached * piety under Beogh
  3288 | D:4      | Reached XP level 7. HP: 49/60 MP: 7/7
  3665 | D:4      | Noticed Grinder
  3677 | D:4      | Paralysed by Grinder for 3 turns
  3683 | D:4      | Paralysed by Grinder for 4 turns
  3691 | D:4      | HP: 3/60 [Grinder (2)]
  3692 | D:4      | Killed Grinder
  3693 | D:4      | Reached skill level 8 in Axes
  3693 | D:4      | Reached skill level 1 in Dodging
  4055 | D:5      | Entered Level 5 of the Dungeon
  4202 | D:5      | Found a staircase to the Ecumenical Temple.
  4276 | D:5      | Reached skill level 9 in Axes
  4284 | D:5      | Reached skill level 5 in Armour
  4284 | D:5      | Reached XP level 8. HP: 31/67 MP: 8/8
  4738 | D:5      | Reached skill level 10 in Axes
  4909 | D:5      | Found an iron altar of Okawaru.
  4943 | D:5      | Reached skill level 5 in Fighting
  5350 | D:6      | Found a snail-covered altar of Cheibriados.
  5444 | D:6      | Reached skill level 11 in Axes
  5448 | D:6      | Reached ** piety under Beogh
  5575 | D:6      | Found Gomeff's Weapon Shoppe.
  6056 | D:6      | Reached XP level 9. HP: 74/74 MP: 9/9
  6056 | D:6      | Found a hide-covered altar of Uskayaw.
  6061 | D:6      | Found a radiant altar of Vehumet.
  6064 | D:6      | Found a sacrificial altar of Ru.
  6080 | D:6      | Found a bloodstained altar of Trog.
  6154 | D:6      | Found an ancient bone altar of Kikubaaqudgha.
  6316 | D:7      | Found a glowing silver altar of Zin.
  6325 | D:7      | Reached skill level 12 in Axes
  6422 | D:7      | Identified a scroll of acquirement
  6423 | D:7      | Acquired 386 gold pieces
  6428 | D:7      | Noticed a manticore
  6453 | D:7      | Killed a manticore
  7056 | D:7      | Reached skill level 13 in Axes
  7261 | D:7      | Reached skill level 5 in Shields
  7402 | D:7      | Noticed Prince Ribbit
  7416 | D:7      | Killed Prince Ribbit
  7676 | D:7      | Reached skill level 14 in Axes
  7703 | D:7      | Reached XP level 10. HP: 69/84 MP: 10/10
  7934 | D:7      | Reached skill level 1 in Throwing
  8078 | D:8      | Reached *** piety under Beogh
  8441 | D:8      | Found Basyeciz's Assorted Antiques.
  9356 | D:9      | Reached skill level 15 in Axes
  9371 | D:9      | Gained Ognian as an ally
  9847 | D:9      | Identified the +11 great mace of the Wraith {flame, rElec}
  9847 | D:9      | Noticed a two-headed ogre
  9848 | D:9      | Noticed a two-headed ogre
  9848 | D:9      | Noticed a two-headed ogre
  9849 | D:9      | Noticed croobank's ghost (journeyman GnDe)
  9850 | D:9      | Found a transporter.
 10028 | D:9      | Found a transporter.
 10157 | D:9      | Reached **** piety under Beogh
 10888 | D:9      | Gained mutation: You are partially covered in iridescent
                  | scales. (AC +2) [potion of mutation]
 10888 | D:9      | Gained mutation: You possess an exceptional clarity of
                  | mind. [potion of mutation]
 10888 | D:9      | Gained mutation: You are strong-willed. (Will+) [potion of
                  | mutation]
 10996 | D:9      | Your ally Ognian died
 11023 | D:9      | Killed a two-headed ogre
 11024 | D:9      | Reached skill level 1 in Stealth
 11024 | D:9      | Reached XP level 11. HP: 25/94 MP: 11/11
 11311 | D:9      | Killed a two-headed ogre
 11311 | D:9      | Killed a two-headed ogre
 11312 | D:9      | Reached skill level 16 in Axes
 11333 | D:9      | Killed from afar by croobank's ghost

Illustrated notes

Levels and vault maps discovered:
D:1:      eino_arrival_water_star, layout_rooms, basic_ecumenical_altar
D:2:      layout_loops_cross
D:3:      layout_rooms, mainiacjoe_overflow_chevrons
D:4:      layout_basic, uniq_grinder
D:5:      layout_basic, okawaru_trees_1, minmay_temple_entry_water_ring
D:6:      minmay_flawed_box, layout_rooms, cheibriados_altar_1, minitemple,
          lemuel_round_altar, serial_shops, shop
D:7:      layout_loops_corners, mainiacjoe_overflow_boulevard, minmay_bent,
          uniq_prince_ribbit1
D:8:      minmay_cornered_nines, layout_basic, serial_shops,
          nicolae_shop_window_shopping
D:9:      layout_small_grid, gammafunk_ghost_smash,
          nicolae_looking_at_the_future

Skill      XL: |  1  2  3  4  5  6  7  8  9 10 11 |
---------------+----------------------------------+-----
Axes           | 3 4 5 6 7 9 11 14 15 16 | 16.2
Fighting       | 4 5 6 8 |  8.2
Armour         | 4 5 6 8 9 |  9.2
Shields        | 4 5 |  5.7
Dodging        | 1 2 |  2.2
Throwing       | 1 |  1.4
Stealth        | 1 |  1.2
Evocations     | |  0.2

Action                   |  1- 3 |  4- 6 |  7- 9 | 10-12 || total
-------------------------+-------+-------+-------+-------++-------
Melee: War axe           |    99 |   138 |   269 |   246 ||   752
Throw: Dart              |       |       |     5 |       ||     5
Invok: Convert to Beogh  |       |     1 |       |       ||     1
Evoke: Wand              |       |       |       |     2 ||     2
  Use: Potion            |     1 |       |     4 |     8 ||    13
       Scroll            |     2 |     4 |     7 |     7 ||    20
 Stab: Invisible         |       |       |       |     5 ||     5
Armor: Scale mail        |    50 |    84 |    62 |       ||   196
       Steam dragon scal |       |       |    42 |       ||    42
       Chain mail        |       |       |    19 |   148 ||   167
       Plate armour      |       |       |    16 |       ||    16
Dodge: Dodged            |    47 |    61 |   107 |   115 ||   330
Block: Buckler           |    25 |    30 |    44 |    56 ||   155

Table legend: (Time is in decaauts)
 A = Elapsed time spent in this place.
 B = Non-inter-level travel time spent in this place.
 C = Inter-level travel time spent in this place.
 D = Time resting spent in this place.
 E = Time spent auto-exploring this place.
 F = Levels seen in this place.
 G = Mean time per level.
                   A        B        C        D        E       F      G
               +--------+--------+--------+--------+--------+-----+--------+
         Total |  11360 |  10892 |    468 |   2872 |   6517 |   9 | 1262.2 |
       Dungeon |  11360 |  10892 |    468 |   2872 |   6517 |   9 | 1262.2 |
               +--------+--------+--------+--------+--------+-----+--------+

Top non-repeatable levels by time:
     D:9: 1974 daAuts
     D:7: 1773 daAuts
     D:4: 1495 daAuts
     D:8: 1283 daAuts
     D:5: 1206 daAuts
     D:1: 1167 daAuts
     D:6: 991 daAuts
     D:2: 781 daAuts
     D:3: 688 daAuts
